 Dungeon Crawl Stone Soup version 0.31-a0-844-gdc52ec4e09 (webtiles) character file.

Game seed: 3679334974917022873

230 BinkBink the Covert (level 5, -3/25 HPs)
             Began as a Spriggan Brigand on Sept 29, 2023.
             Was an Initiate of Dithmenos.
             Slain by an orc
             ... wielding a +0 flail
              (9 damage)
             ... on level 4 of the Dungeon.
             The game lasted 00:06:19 (2342 turns).

BinkBink the Covert (Spriggan Brigand)              Turns: 2342, Time: 00:06:19

Health: -3/25      AC:  3    Str:  7    XL:     5   Next: 72%
Magic:  6/6        EV: 19    Int: 12    God:    Dithmenos [......]
Gold:   148        SH:  0    Dex: 19    Spells: 4/4 levels left

rFire   . . .        f - +2 short sword (venom)
rCold   . . .        (no shield)
rNeg    . . .        b - +0 robe
rPois   .            (helmet restricted)
rElec   .            c - +0 cloak
rCorr   .            (gloves unavailable)
SInv    +            (boots unavailable)
Will    .....        (no amulet)
Stlth   ++++         (no ring)
HPRegen 0.24/turn    (no ring)
MPRegen 0.10/turn

%: no passive effects
@: very quick
A: very small, no large weapons, unfitting armour, see invisible, speed 3
a: Renounce Religion


You were on level 4 of the Dungeon.
You worshipped Dithmenos.
Dithmenos was noncommittal.
You visited 1 branch of the dungeon, and saw 5 of its levels.

You collected 188 gold pieces.
You spent 40 gold pieces at shops.

Inventory:

Hand Weapons
 a - a +2 dagger
 f - a +2 short sword of venom (weapon)
Missiles
 d - 16 poisoned darts (quivered)
 e - 3 curare-tipped darts
Armour
 b - a +0 robe (worn)
 c - a +0 cloak (worn)
Jewellery
 s - a +4 ring of protection
 w - a ring of magical power
Wands
 p - a wand of iceblast (11)
 x - a wand of acid (6)
Scrolls
 g - 2 scrolls of enchant armour
 h - 5 scrolls of teleportation
 i - 3 scrolls of amnesia {unknown}
 k - 2 scrolls of vulnerability
 m - a scroll of blinking {unknown}
 n - a scroll of poison {unknown}
 o - 2 scrolls of enchant weapon {unknown}
 r - a scroll of identify
 t - a scroll of fog {unknown}
 v - a scroll of immolation {unknown}
Potions
 j - a potion of degeneration
 l - a potion of resistance
 q - a potion of might {unknown}
 u - a potion of invisibility {unknown}


   Skills:
 - Level 1.5 Fighting
 + Level 3.7 Short Blades
 - Level 2.0 Throwing
 + Level 3.9 Dodging
 * Level 8.7 Stealth


You had 4 spell levels left.
You didn't know any spells.
Your spell library contained the following spells:

 Spells                   Type           Power      Damage    Failure   Level
 Wereblood                Tmut           0%         N/A       45%         2
 Anguish                  Hex/Necr       0%         N/A       97%         4
 Cause Fear               Hex            0%         N/A       97%         4
 Irradiate                Conj/Tmut      0%         3d11      100%        5
 Enfeeble                 Hex            0%         N/A       100%        7


Dungeon Overview and Level Annotations

Branches:
Dungeon (5/15)             Temple (0/1) D:4

Altars:
Ashenzari
Dithmenos
Makhleb
Vehumet
Yredelemnul

Shops:
D:2 ?   D:4 [


Innate Abilities, Weirdness & Mutations

You are very small and have problems with some larger weapons.
You are too small for most types of armour.
You have supernaturally acute eyesight. (SInv)
You cover ground extremely quickly. (Speed+++)


Message History

You now have 148 gold pieces (gained 16).
A hobgoblin comes into view.
You hit the hobgoblin.
The hobgoblin is poisoned.
The hobgoblin is lightly wounded.
The hobgoblin barely misses you.
You hit the hobgoblin.
The hobgoblin looks even sicker.
The hobgoblin is moderately wounded.
You hit the hobgoblin.
The hobgoblin is severely wounded.
The hobgoblin hits you but does no damage.
You hit the hobgoblin.
You kill the hobgoblin!
Dithmenos accepts your kill.
Found a staircase to the Ecumenical Temple.
An orc comes into view. It is wielding a +0 flail.
An orc is nearby!
An orc and an orc wizard come into view.
The orc wizard shouts!
The orc shouts! x2
The orc wizard closely misses you.
You hit the orc wizard.
The orc wizard is poisoned.
The orc wizard is lightly wounded.
The orc wizard barely misses you.
You completely miss the orc wizard.
The orc wizard is moderately wounded.
The orc closely misses you. The orc hits you with a +0 flail!
The orc wizard barely misses you.
You hit the orc wizard.
The orc wizard is moderately wounded.
The orc closely misses you. x2
The orc wizard hits you with a +0 dagger.
You hit the orc wizard.
The orc wizard is heavily wounded.
You closely miss the orc wizard.
The orc wizard is heavily wounded.
The orc misses you. The orc completely misses you.
The orc wizard gestures at you while chanting.
The puff of flame hits you!
* * * LOW HITPOINT WARNING * * *
The orc hits you with a +0 flail!
You die...

.......#
#.........##........
)......#
#...................
..##.###
#.............§§~...
..##.#
#####............~§§§~.#
..##.#
................~~§~§~~#
..##.#
................~§§>§§§#
..##.#
........##......§~§~§~§#
######
####....##.......~~§§~.#
#...@##........~~§...
#..oo##..............
#...o+...............
#....# ####### #....#
#....# #....# ######


You could see an orc wizard (very poisoned) and 2 orcs.

Vanquished Creatures
  A bullfrog (D:4)
  A hound (D:4)
  A jelly (D:4)
  4 adders
  A dart slug (D:3)
  2 orcs
  6 ball pythons
  4 bats
  4 endoplasms
  7 giant cockroaches
  7 goblins
  7 hobgoblins
  2 jackals (D:2)
  3 quokkas
  6 frilled lizards
  7 kobolds
  6 rats
69 creatures vanquished.

Notes
Turn   | Place    | Note
-------+----------+-------------------------------------------
     0 | D:1      | BinkBink the Spriggan Brigand began the quest for the Orb.
     0 | D:1      | Reached XP level 1. HP: 10/10 MP: 2/2
    27 | D:1      | Reached skill level 6 in Stealth
    99 | D:1      | Reached XP level 2. HP: 14/14 MP: 3/3
   503 | D:2      | Reached XP level 3. HP: 18/18 MP: 4/4
   565 | D:2      | Found Waumer's Magic Scroll Boutique.
   600 | D:2      | Bought a scroll of identify for 20 gold pieces
   600 | D:2      | Bought a scroll of identify for 20 gold pieces
   640 | D:2      | Reached skill level 7 in Stealth
   712 | D:2      | Found a faded altar of an unknown god.
   945 | D:3      | You fall into a shaft and drop 2 floors!
   945 | D:5      | Entered Level 5 of the Dungeon
   947 | D:5      | Noticed a scorpion
   949 | D:5      | Found a burning altar of Makhleb.
   957 | D:5      | Found a broken altar of Ashenzari.
   973 | D:5      | Noticed a phantom
   974 | D:5      | Noticed a scorpion
  1044 | D:4      | Reached XP level 4. HP: 12/22 MP: 5/5
  1494 | D:3      | Found a basalt altar of Yredelemnul.
  1908 | D:4      | Found Tyaraoca's Antique Armour Shop.
  1944 | D:4      | Found a shadowy altar of Dithmenos.
  2000 | D:4      | Became a worshipper of Dithmenos the Shadowed
  2009 | D:4      | Noticed a bullfrog
  2039 | D:4      | Killed a bullfrog
  2040 | D:4      | Reached skill level 8 in Stealth
  2040 | D:4      | Reached XP level 5. HP: 18/25 MP: 6/6
  2116 | D:4      | Found a radiant altar of Vehumet.
  2313 | D:4      | Found a staircase to the Ecumenical Temple.
  2342 | D:4      | Slain by an orc

Illustrated notes

Levels and vault maps discovered:
D:1:      wander_arrival_lonely_grave, layout_rooms
D:2:      layout_rooms, serial_shops, nicolae_shop_hallway_stairs,
          shapermc_ecumenical_altar_mp_highgroup
D:3:      layout_loops_ring, general_overflow_altar, serial_rivers,
          chequers_serial_rivers_micro_a, chequers_serial_rivers_small_3,
          chequers_serial_rivers_micro_d, chequers_serial_rivers_room_b,
          chequers_serial_rivers_micro_a, chequers_serial_rivers_micro_c
D:4:      layout_basic, grunt_dithmenos_smoke_and_mirrors,
          mainiacjoe_overflow_paths, minmay_temple_entry_mist, serial_shops,
          nicolae_shop_real_fake_doors, uniq_crazy_yiuf_cottage
D:5:      layout_gridville, mainiacjoe_overflow_catwalk_spiral, tgw_sif,
          serial_shops, nicolae_shop_tiny_real_fake_doors

Skill      XL: |  1  2  3  4 |
---------------+-------------+-----
Stealth        | 6 7 8 |  8.7
Dodging        | 2 3 |  3.9
Short Blades   | 3 |  3.7
Fighting       | |  1.5
Throwing       | |  2.0

Action                     |  1- 3 |  4- 6 || total
---------------------------+-------+-------++-------
  Melee: Dagger            |    13 |       ||    13
         Short sword       |    65 |    53 ||   118
         Punch             |     2 |     1 ||     3
    Use: Scroll            |     5 |       ||     5
   Stab: Sleeping          |    19 |    11 ||    30
 Armour: Robe              |    16 |    17 ||    33
  Dodge: Dodged            |    32 |    41 ||    73

Table legend: (Time is in decaauts)
 A = Elapsed time spent in this place.
 B = Non-inter-level travel time spent in this place.
 C = Inter-level travel time spent in this place.
 D = Time resting spent in this place.
 E = Time spent auto-exploring this place.
 F = Levels seen in this place.
 G = Mean time per level.
                   A        B        C        D        E       F      G
               +--------+--------+--------+--------+--------+-----+--------+
         Total |   1532 |   1482 |     50 |      0 |   1033 |   5 |  306.4 |
       Dungeon |   1532 |   1482 |     50 |      0 |   1033 |   5 |  306.4 |
               +--------+--------+--------+--------+--------+-----+--------+

Top non-repeatable levels by time:
     D:3: 563 daAuts
     D:4: 348 daAuts
     D:1: 319 daAuts
     D:2: 273 daAuts
     D:5: 27 daAuts
